Cogmind - Beta 16 @@@ ROGUE MODE // 2025.11.16 @ 11:00:58 Player: Derk Result: Self-destructed Performance ------------- Evolutions (5) 2500 Regions Visited (18) 3600 Robots Destroyed (209) 1045 Value Destroyed (10941) 10941 Prototype IDs (55) 1100 Alien Tech Used (0) 0 Bonus (8240) 8240 TOTAL SCORE: 27426 Bonus ------- High Alert Combat Kills 1623 Follower Combat Kills 3339 Entered Garrisons 800 Used RIF Installer 2000 Aligned with FarCom 300 Built Enhanced Grunts 300 Met R17 at Cetus 500 Friendly Fire -622 Cogmind --------- Core Integrity 138/1000 Matter 105/300 Energy 100/100 System Corruption 5% Temperature Cool (0) Movement Core (50) Location -5/Factory Parts ------- > --- POWER (1) -------- (None) > --- PROPULSION (6) --- (None) > --- UTILITY (8) ------ (None) > --- WEAPON (2) ------- (None) > --- INVENTORY (5) ---- Relay Coupler [NC] (33) Improved Trap Extractor (3/6 Tiamat Bomb) Trap Reconfigurator Advanced Variable Charge Gun Advanced Variable Charge Gun Peak State ------------ > --- POWER ------------ Quantum Reactor > --- PROPULSION ------- Improved Hover Unit Gravmag System Combat Airjet Antigrav System Linear Gravjet Linear Gravjet > --- UTILITY ---------- Advanced Cooling System Large Storage Unit Advanced Energy Well Centrium Medium Armor Plating Graphene Brace Relay Coupler [NC] Relay Coupler [Grunt] Trap Reconfigurator > --- WEAPON ----------- Advanced Variable Charge Gun Neutron Cannon > --- INVENTORY -------- Light Angular Momentum Engine Improved Transmission Jammer Centrium Medium Armor Plating Experimental Thermal Shield Relay Coupler [NC] Relay Coupler [NC] Relay Coupler [Swarmer] Improved Trap Extractor Improved Arc Projector Advanced Variable Charge Gun Disruptor Cannon Improved Remote Datajack Ionic Axe [Rating: 104] Favorites ----------- Power Improved Deuterium Engine Engine Improved Deuterium Engine Power Core Light Nuclear Core Reactor Quantum Reactor Propulsion Combat Airjet Treads Improved Heavy Treads Leg Enhanced Flexi-carbon Leg Wheel Wheel Hover Unit Combat Airjet Utility Hardened Medium Armor Plating Device Improved Cooling System Storage Huge Storage Unit Processor Targeting Computer Hackware Relay Coupler [NC] Protection Hardened Medium Armor Plating Weapon Chainsword Energy Gun Heavy EM Shotgun Energy Cannon Heavy Plasma Cannon Ballistic Gun Light Assault Rifle Ballistic Cannon Assault Cannon Launcher Mini Grenade Launcher Special Weapon Remote Datajack Slashing Weapon Chainsword Special Melee Weapon Improved Datajack Build | -11 -10 -10 -10 -9 -8 -8 -8 -7 -7 -6 -6 -6 -6 -6 -6 -6 -6 -5 ------- Run | Yrd Mat Min Exi Min Mat Sto Gar Fac Gar Fac Gar Fac Ext Cet Arc Hub Gar Fac Slots Evolved 10 | . . . . . 4 . . 2 . 2 . . . . . . . 2 Power . | . . . . . . . . . . . . . . . . . . . Propulsion 4 | . . . . . 1 . . . . 2 . . . . . . . 1 Utility 6 | . . . . . 3 . . 2 . . . . . . . . . 1 Weapon . | . . . . . . . . . . . . . . . . . . . Parts Attached 170 | 8 16 4 1 3 15 6 8 14 9 21 6 4 15 5 6 . 12 17 Power 16 | 1 2 . . . 1 1 1 . 1 2 . . 4 . . . 3 . Engine 8 | 1 1 . . . 1 . 1 . 1 . . . 2 . . . 1 . Core 6 | . 1 . . . . 1 . . . 2 . . 2 . . . . . Reactor 2 | . . . . . . . . . . . . . . . . . 2 . Propulsion 36 | 2 7 1 . 1 5 . 1 1 2 6 . . 1 . 1 . 3 5 Treads 11 | 2 2 1 . . 2 . 1 . 2 1 . . . . . . . . Leg 1 | . . . . . . . . . . . . . . . . . 1 . Wheel 10 | . 5 . . 1 3 . . 1 . . . . . . . . . . Hover 14 | . . . . . . . . . . 5 . . 1 . 1 . 2 5 Flight . | . . . . . . . . . . . . . . . . . . . Utility 73 | 3 3 . 1 . 6 . 5 8 3 9 3 3 8 3 5 . 4 9 Device 27 | 2 . . . . 1 . 1 5 1 1 1 2 2 1 4 . 1 5 Storage 9 | 1 1 . 1 . . . . 1 . 1 1 . 1 1 . . 1 . Processor 5 | . 2 . . . 2 . . . . . . . 1 . . . . . Hackware 12 | . . . . . . . 1 1 . 5 . 1 . . . . 1 3 Protection 20 | . . . . . 3 . 3 1 2 2 1 . 4 1 1 . 1 1 Artifact . | . . . . . . . . . . . . . . . . . . . Weapon 45 | 2 4 3 . 2 3 5 1 5 3 4 3 1 2 2 . . 2 3 Energy Gun 10 | 1 1 . . . . 2 . . 1 1 . . 1 1 . . 2 . Energy Cannon 8 | . . . . . . 1 . . . 2 2 1 . 1 . . . 1 Ballistic Gun 12 | 1 1 2 . 1 1 1 . 2 1 1 . . 1 . . . . . Ballistic Cannon 1 | . . . . . 1 . . . . . . . . . . . . . Launcher 6 | . . 1 . 1 . 1 . 1 1 . 1 . . . . . . . Special Weapon 3 | . 1 . . . . . . 1 . . . . . . . . . 1 Impact Weapon . | . . . . . . . . . . . . . . . . . . . Slashing Weapon 3 | . . . . . 1 . . 1 . . . . . . . . . 1 Piercing Weapon . | . . . . . . . . . . . . . . . . . . . Special Melee Weapon 2 | . 1 . . . . . 1 . . . . . . . . . . . Unidentified Prototypes 10 | . . . . . . 4 . . . . . . . 5 . . 1 . Corrupted Parts 2 | . . . . . . . . . . . . . . . . . 2 . System Corruption 20 | . . . . . . . . . . . . . . . . . 20 . Parts Lost 42 | . 2 1 . 1 1 1 . 1 3 1 . 1 12 3 2 . 3 10 Power 4 | . . . . . . . . . . . . . 2 . . . 1 1 Propulsion 16 | . 1 . . 1 1 . . 1 1 . . . 1 1 . . 2 7 Utility 11 | . . . . . . . . . 2 . . . 4 1 2 . . 2 Weapon 11 | . 1 1 . . . 1 . . . 1 . 1 5 1 . . . . Highest Loss Streak 5 | . 2 1 . 1 1 1 . 1 1 1 . 1 4 3 2 . 2 5 To Critical Strikes 1 | . . . . . . . . . . . . . . 1 . . . . Average Backups 18 | 5 12 19 19 19 19 19 19 23 22 22 14 13 13 13 14 15 14 14 Power 1 | . . 1 2 3 3 3 2 2 1 . 1 . . 1 1 1 1 . Propulsion 3 | 2 4 4 4 3 3 4 4 4 4 6 2 2 2 2 2 2 . . Utility 6 | . 3 6 6 7 5 5 5 7 7 6 5 6 6 6 7 8 9 8 Weapon 5 | 1 4 6 5 5 5 5 6 7 6 6 5 4 3 3 3 3 3 3 Tool/Special . | . . . . . . . . . . . . . . . . . . . Unused Backups 49 | 2 4 . 2 2 3 1 3 4 5 5 2 . 3 1 1 . 8 3 Power 11 | 1 1 . 1 . . . 1 . 2 1 . . 3 1 . . . . Propulsion 7 | . 2 . . . . . . 1 3 . . . . . 1 . . . Utility 18 | . . . 1 1 2 1 1 2 . . 1 . . . . . 7 2 Weapon 13 | 1 1 . . 1 1 . 1 1 . 4 1 . . . . . 1 1 Tool/Special . | . . . . . . . . . . . . . . . . . . . Average Slot Usage (%) 95 | . 100 100 100 100 96 99 98 98 92 85 97 98 94 92 91 100 96 87 Engine 4 | . 12 . . . 8 4 5 7 7 3 . . 3 . . . 3 2 Core 3 | . 1 14 14 14 . 4 3 . . 2 6 6 1 6 6 6 1 . Treads 7 | . 3 23 3 . 12 9 9 7 14 19 . . . . . . . . Wheel 7 | . 24 4 24 27 13 18 18 14 1 . . . . . . . . . Hover 9 | . . . . . . . . . . 1 33 33 32 30 28 33 29 27 Device 11 | . 9 . . . 7 . . 17 21 15 6 11 10 10 14 13 8 11 Storage 9 | . 14 14 14 14 9 9 9 7 7 6 11 10 6 7 13 13 13 10 Processor 3 | . 4 14 14 14 10 18 10 . . . . . . 4 . . . . Hackware 5 | . . . . . . . 3 4 4 8 13 15 11 6 6 6 5 8 Protection 13 | . . . . . 16 18 20 21 19 13 12 7 12 12 7 13 17 8 Energy Gun 3 | . 14 2 . . . 4 6 . 5 3 . . 1 . 5 6 8 6 Ballistic Gun 5 | . 11 21 14 14 10 7 1 6 4 . 4 1 2 . . . . . Launcher 1 | . . 4 14 14 . . . . 3 . . . 1 1 . . . . Slashing Weapon 2 | . . . . . 6 5 3 4 1 2 2 2 2 6 4 6 . 1 Peak Build Rating 104 | 9 12 16 15 16 31 34 40 52 64 83 71 67 72 79 88 88 97 104 Average Rating 51 | 5 8 15 14 15 28 32 33 46 59 73 65 64 63 72 80 88 88 88 On Entrance 45 | . 7 11 15 15 15 30 33 35 48 60 61 60 66 64 73 88 88 88 Avg Prop Armor Cover (%) 7 | . 8 . . 15 10 8 7 4 6 . . . 6 . . . . 3 Naked Turns 20 | . . . . . . . . . . . . . . . . . . 20 Heaviest Build 125 | 14 49 50 47 47 71 68 77 125 125 125 63 63 70 66 70 61 76 85 Greatest Support 172 | 40 40 46 46 20 65 22 22 22 117 172 65 65 65 65 61 61 61 58 Greatest Overweight (x) 11 | . 4 2 2 4 7 3 3 11 5 . . . 3 1 1 . 1 2 Average Overweight (x) 1 | . 2 1 1 2 3 2 2 4 1 . . . . . . . . . Largest Inventory Capacity 25 | 8 20 20 20 20 20 20 20 25 25 25 15 15 15 15 15 15 15 15 Average Capacity 19 | 7 19 20 20 20 20 20 20 24 25 24 15 15 15 15 15 15 15 14 Most Carried 25 | 7 17 20 20 20 20 20 20 25 25 25 15 15 15 15 15 15 15 15 Average Carried 18 | 5 12 19 19 19 19 19 19 23 24 22 14 13 13 13 14 15 14 14 Final Capacity 25 | 8 20 20 20 20 20 20 20 25 25 15 15 15 15 15 15 15 15 5 Final Carried 25 | 6 16 20 20 20 19 19 20 23 25 13 15 13 9 14 15 15 15 5 Class Distribution -------------------- 43% | Scavenger-Mutant 29% | Mutant 5% | Commander-Mutant 5% | Bothacker-Mutant 3% | Bothacker-Assassin 3% | Scavenger-Assassin Dominant Class ---------------- Mutant | -10/Materials Mutant | -10/Mines Mutant | -10/Exiles Mutant | -9/Mines Scavenger-Assassin | -8/Materials Mutant | -8/Storage Commander-Mutant | -8/Garrison Scavenger-Mutant | -7/Factory Scavenger-Mutant | -7/Garrison Bothacker-Assassin | -6/Factory Scavenger-Mutant | -6/Garrison Scavenger-Mutant | -6/Factory Scavenger-Mutant | -6/Extension Scavenger-Mutant | -6/Cetus Scavenger-Mutant | -6/Archives Scavenger-Mutant | -6/Hub_04(d) Scavenger-Mutant | -6/Garrison Scavenger-Mutant | -5/Factory Resources | -11 -10 -10 -10 -9 -8 -8 -8 -7 -7 -6 -6 -6 -6 -6 -6 -6 -6 -5 ----------- Run | Yrd Mat Min Exi Min Mat Sto Gar Fac Gar Fac Gar Fac Ext Cet Arc Hub Gar Fac Matter Collected 6085 | 312 201 101 60 45 487 299 201 704 882 622 268 198 897 104 100 . 305 299 Remotely . | . . . . . . . . . . . . . . . . . . . Salvage Created 9392 | 110 315 175 . 72 497 669 49 715 2456 531 420 669 1358 419 199 . 398 340 Parts 502 | 17 18 18 . 19 18 33 4 38 129 23 17 19 76 16 16 . 18 23 Haulers Intercepted 3 | . . . . . . 1 . . . 1 . . 1 . . . . . Recyclers Shooed 7 | 1 1 . . 1 1 . . 2 . . . 1 . . . . . . Parts Field Recycled . | . . . . . . . . . . . . . . . . . . . Retrieved Matter . | . . . . . . . . . . . . . . . . . . . Parts Self-Destructed . | . . . . . . . . . . . . . . . . . . . Prevented . | . . . . . . . . . . . . . . . . . . . Parts Restored . | . . . . . . . . . . . . . . . . . . . Kills | -11 -10 -10 -10 -9 -8 -8 -8 -7 -7 -6 -6 -6 -6 -6 -6 -6 -6 -5 ------- Run | Yrd Mat Min Exi Min Mat Sto Gar Fac Gar Fac Gar Fac Ext Cet Arc Hub Gar Fac Combat Hostiles Destroyed 161 | . 8 7 . 10 10 10 3 11 41 8 5 7 25 5 . . 6 5 Melee 7 | . . . . . . 4 . 1 . . . . 2 . . . . . Guns 54 | . 8 2 . 1 4 2 . 6 17 . 5 3 3 . . . 1 2 Cannons 27 | . . . . . 3 3 1 2 . 4 . 3 3 . . . 5 3 AOE 62 | . . 5 . 9 3 1 2 1 22 3 . . 16 . . . . . Classes Destroyed 18 | 1 5 1 . . 4 1 1 1 1 . . . 2 . . . . 1 Worker 5 | . . . . . 1 1 . . . 1 . 2 . . . . . . Builder 2 | . 1 . . . . 1 . . . . . . . . . . . . Tunneler 10 | 7 . . . 1 . . . 2 . . . . . . . . . . Hauler 3 | . . . . . . 1 . . . 1 . . 1 . . . . . Recycler 7 | . 1 . . . 1 1 . 1 . . . 2 1 . . . . . Mechanic 1 | . . . . . . . . . . . . . 1 . . . . . Operator 11 | . . . . . 1 . . . . 1 . 1 2 . 6 . . . Watcher 4 | . 1 . . . . . . 1 . . . . . 1 . . . 1 Swarmer 50 | . 6 3 . 10 . . 1 . 19 . 1 3 6 . . . 1 . Grunt 58 | . 2 2 . . 6 6 1 6 15 6 4 1 8 . . . 1 . Brawler 3 | . . . . . 1 . . . 2 . . . . . . . . . Duelist 3 | . . . . . 1 1 . . 1 . . . . . . . . . Sentry 18 | . . 2 . . 2 3 . 1 3 . . 1 5 . . . 1 . Specialist 3 | . . . . . . . 1 . . . . . . . . . 2 . Hunter 7 | . . . . . . . . . 2 . . 1 3 . . . 1 . Programmer 13 | . . . . . . . . 4 . 2 . 1 2 . . . . 4 Heavy 1 | . . . . . . . . . . . . . . . . . . 1 Behemoth 1 | . . . . . . . . . . . . . 1 . . . . . Cetus Guard 5 | . . . . . . . . . . . . . . 5 . . . . Enhanced Grunt 1 | . . . . . . . . . . . . . . . . . 1 . Thug 1 | . . . . . . . . . . . . . . . . . 1 . Savage 1 | . . . . . . . . . . . . . 1 . . . . . Butcher 1 | . . . . . . . . . . . . . 1 . . . . . Best Kill Streak 8 | 1 3 3 . 8 3 5 1 4 6 3 3 6 8 3 2 . 2 2 Combat Bots Only 7 | . 3 3 . 7 3 4 1 4 6 3 3 5 7 3 . . 2 2 Max Kills in Single Turn 4 | 1 1 1 . 4 2 2 1 1 3 2 1 1 3 1 1 . 1 2 Gunslinging 1 | . . . . . . . . . 1 . . . . . . . . . Exploded 3 | . . 1 . 3 2 1 1 1 3 2 . . 3 . . . . . Melee 1 | . . . . . . 1 . 1 . . . . 1 . . . . . Uniques/NPCs Destroyed . | . . . . . . . . . . . . . . . . . . . Combat | -11 -10 -10 -10 -9 -8 -8 -8 -7 -7 -6 -6 -6 -6 -6 -6 -6 -6 -5 -------- Run | Yrd Mat Min Exi Min Mat Sto Gar Fac Gar Fac Gar Fac Ext Cet Arc Hub Gar Fac Hostile Shots Fired 1044 | . 35 30 . 8 26 47 13 88 177 56 27 46 212 14 8 . 82 175 Missed 385 | . 14 6 . 1 8 16 7 30 78 15 9 13 86 6 1 . 20 75 Hits 659 | . 21 24 . 7 18 31 6 58 99 41 18 33 126 8 7 . 62 100 Melee 7 | . . . . . . 3 . 2 1 . . . . . . . . 1 Projectile 652 | . 21 24 . 7 18 28 6 56 98 41 18 33 126 8 7 . 62 99 Critical Strikes 11 | . 1 . . . . 1 . 2 1 . . 1 1 2 . . . 2 Damage Taken 11093 | . 259 345 . 114 292 550 90 701 1235 649 257 399 2328 110 190 . 1184 2390 Core 1815 | . 19 44 . 32 34 30 . 93 82 64 41 32 345 . 32 . 105 862 Absorbed by Shields 330 | . . . . . . . . 68 60 . 68 . 29 105 . . . . Ignored by Resistances 329 | . . . . . . . . . 67 40 14 95 86 . 27 . . . Regen/Repaired (Parts) 82 | . . . . . 82 . . . . . . . . . . . . . Core Remaining (%) 70 | 100 . . . 62 . . 88 . 75 . . . . . . . 27 . Volleys Fired 588 | 32 37 12 . 11 24 23 10 35 87 45 31 36 85 7 7 1 67 38 Largest 2 | 2 2 2 . 2 2 2 2 2 2 2 2 2 2 1 1 1 2 2 Hottest 240 | 70 100 75 . 50 60 100 100 80 105 123 114 123 141 46 90 80 240 170 Shots Fired 856 | 49 68 18 . 12 41 48 13 64 123 60 51 51 103 7 7 1 89 51 Gun 514 | 49 62 12 . 5 30 40 4 51 83 18 31 17 35 . 3 1 52 21 Cannon 162 | . . . . . 7 8 5 8 . 15 20 34 22 . 4 . 18 21 Launcher 99 | . . 6 . 7 4 . 4 2 40 3 . . 26 7 . . . . Special 81 | . 6 . . . . . . 3 . 24 . . 20 . . . 19 9 Kinetic 315 | 32 31 8 . 5 37 29 5 53 41 8 31 17 18 . . . . . Thermal 239 | 17 37 4 . . . . . . 10 20 . 34 9 . 7 1 63 37 Explosive 45 | . . 6 . 7 4 . 4 . 6 3 . . 15 . . . . . Electromagnetic 182 | . . . . . . 19 4 8 66 5 20 . 41 7 . . 7 5 Robot Hit Streak 18 | 9 13 9 . 1 13 18 6 14 15 14 15 9 15 9 6 7 8 9 Robot Miss Streak 6 | 5 4 1 . 3 3 6 2 5 3 2 1 3 3 1 1 . 4 3 Penetration Max 3 | . . . . . . . . . . . 3 2 . . . . . . Secondary Targets 6 | . 1 1 . . 1 1 . . 2 . . . . . . . . . Max Gunslinging Chain 1 | . 1 1 . . 1 1 . . 1 . . . . . . . . . Shots Hit Robots 643 | 30 36 13 . 1 32 57 14 57 118 46 36 32 73 6 21 1 46 24 Core Hits 369 | 14 16 11 . 11 22 25 5 25 85 18 19 14 65 6 6 1 20 6 Critical Kills 12 | . . . . . . . . . . . 5 7 . . . . . . Critical Parts Destroyed 14 | . . . . . . . . . . . 8 6 . . . . . . Critical Strikes 37 | . 3 . . . . 1 . . 1 . 13 13 5 . 1 . . . Burn 4 | . 3 . . . . . . . 1 . . . . . . . . . Meltdown 3 | . . . . . . . . . . . . 3 . . . . . . Destroy 23 | . . . . . . . . . . . 13 10 . . . . . . Corrupt 2 | . . . . . . . . . . . . . 2 . . . . . Sever 5 | . . . . . . 1 . . . . . . 3 . 1 . . . Melee Attacks 218 | . . . . . 28 19 21 42 45 17 3 . 15 . 15 . . 13 Impact . | . . . . . . . . . . . . . . . . . . . Slashing 195 | . . . . . 28 19 13 42 30 17 3 . 15 . 15 . . 13 Piercing . | . . . . . . . . . . . . . . . . . . . Sneak Attacks 45 | . . . . . 5 3 5 5 15 2 . . 2 . 8 . . . Combat Hostiles . | . . . . . . . . . . . . . . . . . . . Follow-up Attacks . | . . . . . . . . . . . . . . . . . . . Damage Inflicted 22543 | 282 378 488 . 585 1159 1461 626 1587 5747 1229 628 804 4017 650 1248 26 1050 578 Guns 5740 | 282 378 151 . 17 333 588 55 734 1080 289 179 134 500 . 59 26 635 300 Cannons 2849 | . . . . . 127 197 28 170 . 353 249 670 344 . 146 . 287 278 Explosions 8728 | . . 337 . 568 381 75 482 137 2714 426 68 . 2762 650 . . 128 . Melee 5220 | . . . . . 312 601 61 546 1953 161 132 . 411 . 1043 . . . Ramming 6 | . . . . . 6 . . . . . . . . . . . . . Kinetic 3330 | 157 142 101 . 17 460 500 28 795 535 89 179 134 193 . . . . . Thermal 4344 | 125 236 50 . . . 75 43 . 569 479 68 670 414 . 205 26 858 526 Explosive 4872 | . . 337 . 568 381 . 439 . 701 378 . . 1940 . . . 128 . Electromagnetic 4771 | . . . . . . 285 55 246 1989 122 249 . 1059 650 . . 64 52 Impact . | . . . . . . . . . . . . . . . . . . . Slashing 5220 | . . . . . 312 601 61 546 1953 161 132 . 411 . 1043 . . . Piercing . | . . . . . . . . . . . . . . . . . . . Highest Corruption 22 | . . . . . . 4 4 3 4 3 3 3 2 2 2 . 22 7 Average Corruption 3 | . . . . . . 3 4 2 3 2 3 2 2 2 1 . 2 4 Corruption Purged 14 | . . . . . . . . . . . . 5 . . 2 . . 7 Corruption Blocked 6 | . . . . . . . . . . . . . . 6 . . . . Effects 142 | . . . . . . 2 17 17 51 9 9 4 1 2 3 . 6 21 Message Errors 41 | . . . . . . . 5 5 12 1 6 2 . . 1 . 2 7 Matter Fused 25 | . . . . . . . . 4 13 2 . . . . . . 1 5 Heat Flow Errors 14 | . . . . . . . 3 . 3 2 2 . 1 . 1 . . 2 Energy Discharges 14 | . . . . . . . 2 2 7 . 1 . . 1 . . . 1 Parts Rejected 2 | . . . . . . . 1 . 1 . . . . . . . . . Parts Fused 2 | . . . . . . . 1 . . 1 . . . . . . . . Data Loss (minor) 25 | . . . . . . . 3 5 8 1 . . . 1 . . 3 4 Data Loss (major) 9 | . . . . . . . . . 5 . . 1 . . 1 . . 2 Misfires 7 | . . . . . . 2 1 1 1 2 . . . . . . . . Alerts 2 | . . . . . . . 1 . 1 . . . . . . . . . Weapon Failures 1 | . . . . . . . . . . . . 1 . . . . . . Overload Shots 1 | . . . . . . . . . . . . . . . . . 1 . Overflow Damage 873 | . . . . 17 38 5 32 113 158 79 . 39 130 14 231 . 12 5 Projectiles 56 | . . . . . . . . . . . . 39 . . . . 12 5 Explosions 255 | . . . . 17 . . 32 . 116 . . . 76 14 . . . . Melee 562 | . . . . . 38 5 . 113 42 79 . . 54 . 231 . . . Knockbacks 3 | . . . . . 1 . . 2 . . . . . . . . . . Impact . | . . . . . . . . . . . . . . . . . . . Kinetic 3 | . . . . . 1 . . 2 . . . . . . . . . . Secondary . | . . . . . . . . . . . . . . . . . . . Self-Inflicted Damage 662 | . . 25 . 61 3 . . . 172 34 . . 313 . . . 54 . Shots 26 | . . 1 . 2 . . . . 9 1 . . 12 . . . 1 . Rammed 1 | . . . . . 1 . . . . . . . . . . . . . Targets Rammed 1 | . . . . . 1 . . . . . . . . . . . . . Kicked . | . . . . . . . . . . . . . . . . . . . Crushed . | . . . . . . . . . . . . . . . . . . . Highest Temperature 441 | 100 173 125 . 14 48 198 280 251 206 272 118 9 441 . 78 . 134 249 Average Temperature 63 | 41 45 71 . 4 16 77 68 88 31 78 65 5 131 . 30 . 20 47 Received Heat Transfer 2116 | . 63 81 . . 171 243 36 191 294 150 102 24 479 . 18 . 93 171 Effects 4 | . . . . . . . . 2 . . . . 2 . . . . . Shutdowns 1 | . . . . . . . . . . . . . 1 . . . . . Interference 2 | . . . . . . . . 2 . . . . . . . . . . Matter Decay 1 | . . . . . . . . . . . . . 1 . . . . . Siege Activations . | . . . . . . . . . . . . . . . . . . . Martial Activations . | . . . . . . . . . . . . . . . . . . . Shielding Activations . | . . . . . . . . . . . . . . . . . . . Robots Disrupted 1 | . . . . . . . . . 1 . . . . . . . . . Combat Hostiles 1 | . . . . . . . . . 1 . . . . . . . . . Robots Corrupted 11 | . . . . . . . . 1 2 1 . . 1 6 . . . . Combat Hostiles 10 | . . . . . . . . 1 2 1 . . 1 5 . . . . Parts Fried 19 | . . . . . . 2 . 2 4 . . 1 8 2 . . . . Impact Corruptions . | . . . . . . . . . . . . . . . . . . . Robots Melted 3 | . . . . . . . . . . . . 3 . . . . . . Combat Hostiles 1 | . . . . . . . . . . . . 1 . . . . . . Parts Melted 8 | . 2 . . . . . . . 1 1 . 4 . . . . . . Heat Transferred 5845 | 370 925 148 . . . 100 50 . 833 648 100 1050 475 . 74 37 702 333 Parts Sabotaged 3 | . . . . . . . . . . . . . . . . . . 3 Parts Stolen . | . . . . . . . . . . . . . . . . . . . Parts Stripped . | . . . . . . . . . . . . . . . . . . . Power Chain Reactions 17 | . . . . . . 1 1 . 9 1 1 . 4 . . . . . Alert | -11 -10 -10 -10 -9 -8 -8 -8 -7 -7 -6 -6 -6 -6 -6 -6 -6 -6 -5 ------- Run | Yrd Mat Min Exi Min Mat Sto Gar Fac Gar Fac Gar Fac Ext Cet Arc Hub Gar Fac Maximum Alert Level 5 | . . . . 1 . 1 2 1 5 4 3 2 3 2 1 . 5 3 Low Security (%) 41 | 100 100 100 . 70 100 87 16 84 23 . . . 10 . 16 100 5 . Level 1 12 | . . . . 29 . 12 44 15 7 . . . 68 . 83 . 3 . Level 2 23 | . . . . . . . 38 . 11 79 79 100 20 100 . . 26 . Level 3 12 | . . . . . . . . . 20 15 20 . 1 . . . 18 100 Level 4 5 | . . . . . . . . . 15 4 . . . . . . 30 . Level 5 4 | . . . . . . . . . 21 . . . . . . . 16 . High Security . | . . . . . . . . . . . . . . . . . . . Max Security . | . . . . . . . . . . . . . . . . . . . Peak Influence 2200 | 5 69 87 . 294 176 231 656 344 2200 1155 891 657 777 536 334 159 1820 989 Initial 1155 | . . 1 . . 70 10 124 344 22 1155 430 467 285 432 198 109 104 955 Average 463 | 1 18 26 . 99 63 99 354 99 929 649 650 584 340 482 290 121 999 854 Influence Increases 11021 | 35 265 223 . 352 513 419 752 466 2328 351 481 441 1602 274 236 60 1826 397 Destroy 0b10 Robot/C 4980 | . 160 140 . 200 260 220 340 240 900 160 120 220 900 160 80 20 680 180 Destroy 0b10 Robot/NC 275 | 35 15 . . 5 15 20 . 20 45 15 5 30 25 10 30 . . 5 Destroy Leader 654 | . 32 20 . 30 50 52 20 72 40 34 . 52 140 . . 10 40 62 Allied During Kill 1291 | . . . . 36 20 57 159 1 30 . 5 52 234 93 110 30 414 50 Trap Triggered on 0b10 60 | . . . . . . . . 40 . . . . 20 . . . . . Successful Hack 309 | . 38 . . . 34 2 28 24 . 33 . 22 79 . . . 37 12 Disable Machine 285 | . . 30 . 30 15 30 . 30 15 15 . 45 45 . 15 . 15 . Anti-Garrison Action 1950 | . . . . . . . 150 . 1000 . 300 . . . . . 500 . Destroy Structure 692 | . 5 33 . 51 44 8 55 24 133 49 6 20 99 11 1 . 95 58 Partial Spotted 60 | . . . . . . . . . . . 15 . 15 . . . 15 15 Lose Combat Pursuer 465 | . 15 . . . 75 30 . 15 165 45 30 . 45 . . . 30 15 Influence Decreases 10271 | 35 260 173 55 170 669 254 287 1090 160 1936 205 748 1413 551 418 225 155 1467 Entered New Map 4283 | . . 4 55 . 112 16 67 312 10 1045 185 424 299 341 298 205 45 865 Time Decay 3893 | 35 240 159 . 160 487 228 . 558 . 586 . 294 474 160 100 20 . 392 Lost Part 410 | . 20 10 . 10 10 10 . . 30 10 . 10 120 30 20 . 30 100 Lost Ally 960 | . . . . . 60 . 220 70 120 20 20 20 220 20 . . 80 110 Purge Threat 725 | . . . . . . . . 150 . 275 . . 300 . . . . . Squads Dispatched 31 | . . . . . 1 1 . 8 . 5 . 4 6 . . . . 6 Investigation 4 | . . . . . . . . 1 . 1 . 1 1 . . . . . Extermination 9 | . . . . . . . . 4 . 2 . 1 . . . . . 2 Reinforcement 12 | . . . . . 1 1 . . . 2 . 2 4 . . . . 2 Assault 3 | . . . . . . . . . . . . . 1 . . . . 2 Garrison 3 | . . . . . . . . 3 . . . . . . . . . . Intercept . | . . . . . . . . . . . . . . . . . . . Searches Triggered . | . . . . . . . . . . . . . . . . . . . Construction Impeded 5 | . . . . . . . . . . 1 . 1 3 . . . . . Haulers Reinforced . | . . . . . . . . . . . . . . . . . . . Active Scanning Responses . | . . . . . . . . . . . . . . . . . . . Cargo Convoy Interrupts 1 | . . . . . . . . . . . . . . . . . . 1 Stealth | -11 -10 -10 -10 -9 -8 -8 -8 -7 -7 -6 -6 -6 -6 -6 -6 -6 -6 -5 --------- Run | Yrd Mat Min Exi Min Mat Sto Gar Fac Gar Fac Gar Fac Ext Cet Arc Hub Gar Fac Distress Signals 11 | . . . . . 3 1 . 2 . 1 . . 1 2 . . . 1 Communications Jammed 50 | . . . . . . . . . . . . . . . . . . 50 Distress Signals 50 | . . . . . . . . . . . . . . . . . . 50 Times Spotted 336 | . 13 12 . 8 17 15 15 22 54 19 18 9 46 11 15 . 28 34 Peak Tracking Total 23 | . 4 15 . 4 4 4 5 4 6 7 4 3 7 5 2 . 7 23 Tactical Retreats 23 | . 1 1 . . 3 2 . 1 6 2 2 . 3 . . . 1 1 Traps | -11 -10 -10 -10 -9 -8 -8 -8 -7 -7 -6 -6 -6 -6 -6 -6 -6 -6 -5 ------- Run | Yrd Mat Min Exi Min Mat Sto Gar Fac Gar Fac Gar Fac Ext Cet Arc Hub Gar Fac Traps Triggered 33 | . 1 . . . . 3 1 2 10 . 8 2 2 . . . 4 . Indirectly . | . . . . . . . . . . . . . . . . . . . Trap Hack Attempts 5 | . 5 . . . . . . . . . . . . . . . . . Triggered . | . . . . . . . . . . . . . . . . . . . Disarmed . | . . . . . . . . . . . . . . . . . . . Reprogrammed 1 | . 1 . . . . . . . . . . . . . . . . . Reused 6 | . . . . . . . . 4 . . . . 2 . . . . . Traps Reconfigurated 38 | . . . . . . . 6 4 . 12 2 1 6 . . . . 7 Traps Extracted 7 | . . . . . . . . 4 . . . . . . . . . 3 Installed 4 | . . . . . . . . 4 . . . . . . . . . . Triggered 6 | . . . . . . . . 4 . . . . 2 . . . . . Most Traps Carried 4 | . . . . . . . . 4 . . . . . . . . . 3 Machines | -11 -10 -10 -10 -9 -8 -8 -8 -7 -7 -6 -6 -6 -6 -6 -6 -6 -6 -5 ---------- Run | Yrd Mat Min Exi Min Mat Sto Gar Fac Gar Fac Gar Fac Ext Cet Arc Hub Gar Fac Machines Disabled 41 | . . 2 . 2 1 2 3 2 5 1 1 3 9 . 1 . 9 . Max in Single Turn 2 | . . 2 . 1 1 1 1 1 1 1 1 . 1 . . . 2 . Garrison Relay 14 | . . . . . . . 3 . 4 . 1 . . . . . 6 . Phase Generator 1 | . . . . . . . . . . . . . . . . . 1 . Machines Repaired . | . . . . . . . . . . . . . . . . . . . Machines Dismantled . | . . . . . . . . . . . . . . . . . . . Machines Sabotaged . | . . . . . . . . . . . . . . . . . . . Overloaded Fab Kills . | . . . . . . . . . . . . . . . . . . . Hacking | -11 -10 -10 -10 -9 -8 -8 -8 -7 -7 -6 -6 -6 -6 -6 -6 -6 -6 -5 --------- Run | Yrd Mat Min Exi Min Mat Sto Gar Fac Gar Fac Gar Fac Ext Cet Arc Hub Gar Fac Machines Accessed 67 | . 6 2 2 . 6 3 2 7 2 6 2 5 12 1 . 2 4 5 Terminals 49 | . 6 1 . . 4 2 2 3 2 3 2 3 12 1 . 1 4 3 Fabricators 2 | . . . . . . . . 1 . . . 1 . . . . . . Repair Stations 4 | . . . . . 1 . . 1 . . . . . . . . . 2 Recycling Units . | . . . . . . . . . . . . . . . . . . . Scanalyzers 5 | . . . . . 1 . . 1 . 2 . 1 . . . . . . Garrison Access 4 | . . . . . . 1 . 1 . 1 . . . . . 1 . . Total Hacks 154 | . 26 2 2 . 15 5 4 14 4 14 7 12 23 3 . 3 8 12 Successful 78 | . 21 2 2 . 7 3 2 5 . 7 . 6 12 . . 1 4 6 Failed 75 | . 5 . . . 8 2 2 9 4 6 7 6 11 3 . 2 4 6 Catastrophic 16 | . . . . . 3 . . 2 1 2 1 . 2 2 . 1 1 1 Database Lockouts 1 | . . . . . . . . . . 1 . . . . . . . . Manual 38 | . 15 1 1 . 5 . . 4 1 2 . 2 4 1 . . 1 1 Terminals 117 | . 26 1 . . 9 4 4 8 4 6 7 6 23 3 . 2 8 6 Fabricators 3 | . . . . . . . . 1 . . . 2 . . . . . . Repair Stations 9 | . . . . . 2 . . 1 . . . . . . . . . 6 Recycling Units . | . . . . . . . . . . . . . . . . . . . Scanalyzers 18 | . . . . . 4 . . 3 . 7 . 4 . . . . . . Garrison Access 4 | . . . . . . 1 . 1 . 1 . . . . . 1 . . Terminal Hacks 44 | . 13 2 2 . 2 2 2 2 . 1 . 2 9 . . . 4 3 Record 1 | . . . 1 . . . . . . . . . . . . . . . Part Schematic 1 | . . . . . . . . . . 1 . . . . . . . . Prototype ID Bank 5 | . 2 . . . 1 . . . . . . . 2 . . . . . Open Door 11 | . . 1 . . . 2 . . . . . 1 6 . . . 1 . Branch Access Points 2 | . 1 . . . . . . 1 . . . . . . . . . . Emergency Access Points 6 | . 2 . . . 1 . 1 . . . . 1 . . . . 1 . Fabricator Index 1 | . . . . . . . . . . . . . . . . . . 1 Unreport Threat 2 | . . . . . . . . 1 . . . . 1 . . . . . Locate Traps 4 | . 3 . . . . . . . . . . . . . . . . 1 Recall Investigation 1 | . . . . . . . . . . . . . . . . . . 1 Hauler Manifests 1 | . 1 . . . . . . . . . . . . . . . . . Zone Layout 5 | . 4 1 . . . . . . . . . . . . . . . . Garrison Registry 1 | . . . . . . . 1 . . . . . . . . . . . Patrol Navigation 1 | . . . . . . . . . . . . . . . . . 1 . Security Stations 1 | . . . . . . . . . . . . . . . . . 1 . Proto ID Catalog 1 | . . . 1 . . . . . . . . . . . . . . . Fabricator Hacks 1 | . . . . . . . . . . . . 1 . . . . . . Network Status 1 | . . . . . . . . . . . . 1 . . . . . . Repair Station Hacks 5 | . . . . . 2 . . 1 . . . . . . . . . 2 Scan Component 3 | . . . . . 1 . . 1 . . . . . . . . . 1 Repair 2 | . . . . . 1 . . . . . . . . . . . . 1 Recycling Unit Hacks . | . . . . . . . . . . . . . . . . . . . Scanalyzer 9 | . . . . . 3 . . 1 . 4 . 1 . . . . . . Insert Component 1 | . . . . . . . . . . 1 . . . . . . . . Analyze 1 | . . . . . . . . . . 1 . . . . . . . . Retrieve Study 7 | . . . . . 3 . . 1 . 2 . 1 . . . . . . Garrison Access Hacks 4 | . . . . . . 1 . 1 . 1 . . . . . 1 . . Unlock Access 4 | . . . . . . 1 . 1 . 1 . . . . . 1 . . Unauthorized Hacks 15 | . 8 . . . . . . . . 1 . 2 3 . . . . 1 Terminals 14 | . 8 . . . . . . . . 1 . 1 3 . . . . 1 Botnet 7 | . 2 . . . . . . . . 1 . 1 2 . . . . 1 Disrupt 1 | . . . . . . . . . . . . . 1 . . . . . Operators 1 | . 1 . . . . . . . . . . . . . . . . . Skim 5 | . 5 . . . . . . . . . . . . . . . . . Fabricators 1 | . . . . . . . . . . . . 1 . . . . . . Haulers 1 | . . . . . . . . . . . . 1 . . . . . . Repair Stations . | . . . . . . . . . . . . . . . . . . . Recycling Units . | . . . . . . . . . . . . . . . . . . . Scanalyzers . | . . . . . . . . . . . . . . . . . . . Garrison Access . | . . . . . . . . . . . . . . . . . . . Data Cores Recovered . | . . . . . . . . . . . . . . . . . . . Used . | . . . . . . . . . . . . . . . . . . . Hacking Detections 50 | . 5 . . . 5 2 2 5 2 5 2 5 8 1 . 2 3 3 Full Trace Events 5 | . . . . . . . . 1 . 1 1 . 1 . . . 1 . Feedback Events 1 | . . . . . . . . 1 . . . . . . . . . . Corruption 1 | . . . . . . . . 1 . . . . . . . . . . Feedback Blocked . | . . . . . . . . . . . . . . . . . . . Robot Schematics Acquired . | . . . . . . . . . . . . . . . . . . . Robots Built . | . . . . . . . . . . . . . . . . . . . Authchips . | . . . . . . . . . . . . . . . . . . . Time . | . . . . . . . . . . . . . . . . . . . Total Robot Build Rating . | . . . . . . . . . . . . . . . . . . . Part Schematics Acquired 2 | . . . . . . . . . . 2 . . . . . . . . Parts Built . | . . . . . . . . . . . . . . . . . . . Authchips . | . . . . . . . . . . . . . . . . . . . Time . | . . . . . . . . . . . . . . . . . . . Total Part Build Rating . | . . . . . . . . . . . . . . . . . . . Part Studies Acquired 7 | . . . . . 3 . . 1 . 2 . 1 . . . . . . Parts Repaired 1 | . . . . . 1 . . . . . . . . . . . . . Time 140 | . . . . . 32 . . . . . . . . . . . . 108 Parts Recycled . | . . . . . . . . . . . . . . . . . . . Recycled Matter . | . . . . . . . . . . . . . . . . . . . Retrieved Matter . | . . . . . . . . . . . . . . . . . . . Retrieved Components . | . . . . . . . . . . . . . . . . . . . Parts Scanalyzed 1 | . . . . . . . . . . 1 . . . . . . . . Part Schematics Acquired 1 | . . . . . . . . . . 1 . . . . . . . . Parts Damaged . | . . . . . . . . . . . . . . . . . . . Bothacking | -11 -10 -10 -10 -9 -8 -8 -8 -7 -7 -6 -6 -6 -6 -6 -6 -6 -6 -5 ------------ Run | Yrd Mat Min Exi Min Mat Sto Gar Fac Gar Fac Gar Fac Ext Cet Arc Hub Gar Fac Used RIF Installer 4 | . . . . . . . 1 . 1 . 1 . . . . . 1 . Hotswap 1 | . . . . . . . . . . . 1 . . . . . . . Watcher Feeds 1 | . . . . . . . . . . . . . . . . . 1 . Patrol Navigation 1 | . . . . . . . . . 1 . . . . . . . . . Robots Hacked 23 | . . . . . . . 2 1 . 9 . . 2 . . . 5 4 Non-combat 13 | . . . . . . . . 1 . 7 . . 1 . . . . 4 Combat 10 | . . . . . . . 2 . . 2 . . 1 . . . 5 . Robot Hacks Applied 34 | . . . . . . . 2 2 . 15 . . 4 . . . 5 6 parse_system 2 | . . . . . . . . 1 . . . . 1 . . . . . no_distress 1 | . . . . . . . . . . 1 . . . . . . . . find_fabricator 1 | . . . . . . . . . . 1 . . . . . . . . drop_inventory 2 | . . . . . . . . . . 2 . . . . . . . . find_recycling 1 | . . . . . . . . . . 1 . . . . . . . . find_station 1 | . . . . . . . . . . . . . . . . . . 1 release_backups 1 | . . . . . . . . . . . . . . . . . . 1 purge_threat 3 | . . . . . . . . . . 2 . . 1 . . . . . locate_traps 2 | . . . . . . . . . . 1 . . 1 . . . . . map_route 1 | . . . . . . . . . . . . . . . . . . 1 overload_power 3 | . . . . . . . . . . 1 . . . . . . 2 . overwrite_iff 5 | . . . . . . . 1 . . 1 . . . . . . 3 . formatsys_low 4 | . . . . . . . . . . 1 . . 1 . . . . 2 formatsys_high 7 | . . . . . . . 1 1 . 4 . . . . . . . 1 Relay Couplers Released 59 | . . . . . . . 14 . 17 . 4 . . . . . 24 . Machine Destruction 59 | . . . . . . . 14 . 17 . 4 . . . . . 24 . Attached 11 | . . . . . . . 1 1 . 5 . . . . . . 1 3 Fabnet Peak Effective % . | . . . . . . . . . . . . . . . . . . . Robots Rewired 27 | . . . . . . . 3 . 7 . . . 10 . . . 7 . Allies Hacked 1 | . . . . . . . . . . . . . 1 . . . . . Hacks Repelled . | . . . . . . . . . . . . . . . . . . . Allies | -11 -10 -10 -10 -9 -8 -8 -8 -7 -7 -6 -6 -6 -6 -6 -6 -6 -6 -5 -------- Run | Yrd Mat Min Exi Min Mat Sto Gar Fac Gar Fac Gar Fac Ext Cet Arc Hub Gar Fac Total Allies 69 | . . . . 3 . 10 5 1 7 5 2 . 18 5 . . 10 3 Largest Group 13 | . . . . 3 3 10 13 3 4 2 2 2 9 6 5 4 6 5 Highest-Rated Group 639 | . . . . 40 40 173 245 56 60 55 142 142 294 639 543 377 525 193 Highest-Rated Ally 159 | . . . . 16 16 29 29 26 20 29 80 80 159 159 159 96 148 41 Total Orders 9 | . . . . . . . 2 . 2 . . . 4 . . . . 1 STAY 4 | . . . . . . . 1 . 1 . . . 2 . . . . . FOLLOW 3 | . . . . . . . 1 . . . . . 2 . . . . . GUARD 1 | . . . . . . . . . 1 . . . . . . . . . AID 1 | . . . . . . . . . . . . . . . . . . 1 Ally Attacks 504 | . . . . 8 26 7 92 8 38 20 2 17 99 17 28 1 115 26 Total Damage 13520 | . . . . 73 283 96 1365 138 603 191 86 744 2512 1014 1059 35 4442 879 Kills 96 | . . . . . 3 1 15 1 4 1 1 5 22 4 4 1 29 5 Allies Corrupted 1 | . . . . . . . . . . . . . . . . . . 1 Allies Melted 1 | . . . . . . . . . . . . . 1 . . . . . Intel | -11 -10 -10 -10 -9 -8 -8 -8 -7 -7 -6 -6 -6 -6 -6 -6 -6 -6 -5 ------- Run | Yrd Mat Min Exi Min Mat Sto Gar Fac Gar Fac Gar Fac Ext Cet Arc Hub Gar Fac Active Infowar (turns) 4747 | 41 630 . . . 1468 639 254 . . 1524 1 . . . . . . 190 Terrain 2784 | 1 . . . . 1258 . . . . 1524 1 . . . . . . . Seismic 670 | 40 630 . . . . . . . . . . . . . . . . . Machine Analysis 1103 | . . . . . 210 639 254 . . . . . . . . . . . Jamming 190 | . . . . . . . . . . . . . . . . . . 190 Robot Analysis Total . | . . . . . . . . . . . . . . . . . . . Derelict Logs Recovered 2 | . . . . 2 . . . . . . . . . . . . . . Drone Launches . | . . . . . . . . . . . . . . . . . . . Drone Recoveries . | . . . . . . . . . . . . . . . . . . . Exploration | -11 -10 -10 -10 -9 -8 -8 -8 -7 -7 -6 -6 -6 -6 -6 -6 -6 -6 -5 ------------- Run | Yrd Mat Min Exi Min Mat Sto Gar Fac Gar Fac Gar Fac Ext Cet Arc Hub Gar Fac Turns Passed 18478 | 369 914 693 501 796 1472 639 795 2058 2871 1824 725 651 1200 339 207 55 1433 936 Spaces Moved 11487 | 173 562 316 425 670 876 304 570 1147 1125 933 765 644 871 176 130 53 936 811 Core 44 | 5 . . . . . . . . . . . . . . . . . 39 Treads 2270 | 168 23 227 18 . 4 . . . 955 875 . . . . . . . . Legs . | . . . . . . . . . . . . . . . . . . . Wheels 4768 | . 539 89 407 670 872 304 570 1147 170 . . . . . . . . . Hover 4405 | . . . . . . . . . . 58 765 644 871 176 130 53 936 772 Flight . | . . . . . . . . . . . . . . . . . . . Fastest Speed 36 | 50 105 110 110 110 110 110 110 125 145 68 68 68 68 68 63 63 58 36 Average Speed 126 | 156 123 203 115 110 136 110 117 150 220 149 68 68 87 93 100 63 120 84 Slowest Speed 400 | 160 160 240 240 140 238 125 125 235 400 155 68 68 290 141 141 63 132 184 Overloaded Moves . | . . . . . . . . . . . . . . . . . . . Propulsion Burnouts . | . . . . . . . . . . . . . . . . . . . Robots Hopped 2 | . . . . . . . . . . . 1 . 1 . . . . . Potential Cave-ins 6 | . . . . . . . . . . . . . 4 . . . . 2 Cave-ins Triggered 1 | . . . . . . . . . . . . . . . . . . 1 Exploration Rate (%) 55 | 11 85 70 90 101 52 38 60 23 82 20 70 15 86 56 81 7 86 20 Regions Visited 18 Branch Regions 8 Pre-discovered Areas 4 | . 1 . 1 2 . . . . . . . . . . . . . . Known Exits Taken 6 | . 1 . . . 1 1 . 1 . 1 . . . . . 1 . . Unknown Exits Taken 8 | 1 . 1 1 1 . . . . . . . 1 1 1 1 . . . Scrap Searched 2 | . . 1 . 1 . . . . . . . . . . . . . . Spaces Dug 168 | . 6 12 . 13 22 . 4 24 28 15 . 1 21 . . . 2 20 Terrain Destroyed 679 | . 6 38 . 58 46 8 12 24 111 48 6 13 195 . . . 84 30 Melee 75 | . . . . . 22 . . 24 1 14 . . 1 . . . . 13 Projectile 55 | . 6 . . . 1 . . . . 4 . 13 5 . . . 9 17 AOE 548 | . . 38 . 58 23 8 12 . 110 30 5 . 189 . . . 75 . Terrain Rammed . | . . . . . . . . . . . . . . . . . . . Walls Destroyed . | . . . . . . . . . . . . . . . . . . . Machines Disabled . | . . . . . . . . . . . . . . . . . . . Actions | -11 -10 -10 -10 -9 -8 -8 -8 -7 -7 -6 -6 -6 -6 -6 -6 -6 -6 -5 --------- Run | Yrd Mat Min Exi Min Mat Sto Gar Fac Gar Fac Gar Fac Ext Cet Arc Hub Gar Fac Total 14357 | 227 708 348 436 720 1073 535 658 1363 1374 1293 913 802 1179 344 175 73 1159 977 Wait 1195 | 1 55 10 . 27 87 166 13 68 26 217 20 104 131 143 5 19 42 61 Move 11468 | 172 561 315 424 669 875 304 569 1147 1124 933 762 643 868 175 129 53 935 810 Hop 2 | . . . . . . . . . . . 1 . 1 . . . . . Pick Up 158 | 11 19 5 4 3 12 3 7 14 18 15 6 3 10 6 3 . 15 4 Fast Attach 61 | 5 1 . . 1 4 2 2 7 2 3 3 1 7 4 4 . 5 10 Attach 61 | 3 3 1 . 1 5 2 1 2 5 10 2 3 10 2 3 . 3 5 Detach 19 | . 1 . . 1 . 2 . 1 . 1 2 . 1 3 2 . 1 4 Swap 245 | . 14 5 3 2 21 10 23 30 26 26 4 8 26 1 4 . 16 26 Drop 166 | 3 12 . 5 5 16 4 11 13 17 26 7 4 12 3 3 . 20 5 Fire 588 | 32 37 12 . 11 24 23 10 35 87 45 31 36 85 7 7 1 67 38 Melee 218 | . . . . . 28 19 21 42 45 17 3 . 15 . 15 . . 13 Ram 1 | . . . . . 1 . . . . . . . . . . . . . Kick . | . . . . . . . . . . . . . . . . . . . Crush . | . . . . . . . . . . . . . . . . . . . Escape Stasis 162 | . . . . . . . . . 24 . 72 . 13 . . . 52 1 Rewire 4 | . . . . . . . 1 . . . . . . . . . 3 . Trap 9 | . 5 . . . . . . 4 . . . . . . . . . . Miscellaneous . | . . . . . . . . . . . . . . . . . . . Route ------- -11/Scrapyard -10/Materials (discovered 5 exits: *Mat x3 / *Min x2) -10/Mines (discovered 3 exits: *Mat x2 / *Exi) -10/Exiles -9/Mines (discovered 2 exits: *Mat x2) -8/Materials (discovered 3 exits: *Fac x2 / *Sto) -8/Storage -8/Garrison (discovered 3 exits: *Fac x3) -7/Factory (discovered 4 exits: *Fac / *Low x2 / Gar) -7/Garrison (discovered 3 exits: *Fac x3) -6/Factory -6/Garrison (discovered 3 exits: *Fac x3) -6/Factory (discovered 2 exits: *Fac / *Ext) -6/Extension (discovered 2 exits: *Fac / *Cet) -6/Cetus (discovered 2 exits: *Fac / [*Arc]) -6/Archives (discovered 3 exits: *Fac / *Hub x2) -6/Hub_04(d) -6/Garrison (discovered 3 exits: *Fac x3) -5/Factory History --------- Turn | Location | Event 21 | -11/Scrapyard | Discovered new exit (range 15) 370 | -11/Scrapyard | Entered Materials 371 | -10/Materials | Build established: Mutant 499 | -10/Materials | Discovered new exit (range 7) 521 | -10/Materials | Identified exit to Mines 521 | -10/Materials | Discovered new exit (range 14) 755 | -10/Materials | Discovered new exit (range 9) 983 | -10/Materials | Discovered new exit (range 21) 1027 | -10/Materials | Learned Storage emergency access door positions 1084 | -10/Materials | Loaded intel: 17 non-interactive machine locations 1102 | -10/Materials | Learned Materials emergency access door positions 1103 | -10/Materials | Learned Storage emergency access door positions 1104 | -10/Materials | Learned 4 Subcaves zone layouts 1105 | -10/Materials | Learned location of 1 exit from Recycling 1119 | -10/Materials | Learned 2 Storage zone layouts 1144 | -10/Materials | Learned Storage emergency access door positions 1284 | -10/Materials | Entered Mines 1285 | -10/Mines | Assembled infested the area 1285 | -10/Mines | Identified exit to Materials 1303 | -10/Mines | Met a Derelict who couldn't figure out how to use a Trap Extractor 1967 | -10/Mines | Deemed a non-threat by the Exiles lab entrance 1967 | -10/Mines | Discovered new exit (range 5) 1977 | -10/Mines | Entered Exiles 2043 | -10/Exiles | Met 8R-AWN 2062 | -10/Exiles | Met EX-HEX 2119 | -10/Exiles | Met EX-DEC 2143 | -10/Exiles | Visited The Gauntlet 2281 | -10/Exiles | Learned location of Zion (-6) 2299 | -10/Exiles | Met EX-BIN 2315 | -10/Exiles | Aligned with FarCom system 2316 | -10/Exiles | Given EX-Vault access code 2341 | -10/Exiles | Opened EX-Vault 2350 | -10/Exiles | Found Trap Reconfigurator 2374 | -10/Exiles | Warned to stay clear of 0b10 Research branches 2462 | -10/Exiles | Discovered new exit (range 15) 2478 | -10/Exiles | Left Exiles lab with Trap Reconfigurator 2478 | -10/Exiles | Entered Mines 2479 | -9/Mines | Learned location of Storage (-8) 2564 | -9/Mines | Assisted by bots powering up and referring to "LRC-V3" 2597 | -9/Mines | Learned Materials garrison access intel 2783 | -9/Mines | Received a Rocket Launcher from a helpful Derelict 2854 | -9/Mines | Discovered new exit (range 10) 2980 | -9/Mines | Discovered new exit (range 9) 3011 | -9/Mines | Destroyed 7 combat bots 3274 | -9/Mines | Entered Materials 3274 | -8/Materials | Accompanied by 3 allies 3274 | -8/Materials | Evolved 4 slots: Propulsion x1, Utility x3 3276 | -8/Materials | Loaded intel: 1 garrison access location 3564 | -8/Materials | Discovered new exit (range 12) 3763 | -8/Materials | Discovered new exit (range 5) 3970 | -8/Materials | Repaired Imp. Treads? 4031 | -8/Materials | Build established: Scavenger-Assassin 4413 | -8/Materials | Discovered new exit (range 8) 4707 | -8/Materials | Identified exit to Storage 4746 | -8/Materials | Entered Storage 4843 | -8/Storage | Build established: Mutant 5172 | -8/Storage | Assisted by bots powering up and referring to "LRC-V3" 5369 | -8/Storage | Identified exit to Garrison 5385 | -8/Storage | Entered Garrison 5385 | -8/Garrison | Accompanied by 10 allies 5387 | -8/Garrison | Triggered checkpoint 5469 | -8/Garrison | Build established: Commander-Mutant 5473 | -8/Garrison | Discovered new exit (range 70) 5473 | -8/Garrison | Discovered new exit (range 50) 5473 | -8/Garrison | Discovered new exit (range 28) 5483 | -8/Garrison | Triggered checkpoint 5545 | -8/Garrison | Garrison Relay disabled 5595 | -8/Garrison | Installed Relay Interface Framework 5690 | -8/Garrison | Triggered checkpoint 5691 | -8/Garrison | Triggered checkpoint 5847 | -8/Garrison | Triggered checkpoint 5858 | -8/Garrison | Triggered checkpoint 5903 | -8/Garrison | Lost 8 allies 6036 | -8/Garrison | Garrison Relay disabled 6063 | -8/Garrison | Triggered checkpoint 6076 | -8/Garrison | Garrison Relay disabled 6153 | -8/Garrison | Build established: Mutant 6180 | -8/Garrison | Entered Factory 6180 | -7/Factory | Accompanied by 3 allies 6180 | -7/Factory | Evolved 2 slots: Utility x2 6321 | -7/Factory | Identified exit to Lower Caves 6514 | -7/Factory | Discovered new exit (range 12) 6685 | -7/Factory | Build established: Scavenger-Mutant 7610 | -7/Factory | Garrison activated, responded to threat 8238 | -7/Factory | Identified exit to Garrison 8238 | -7/Factory | Entered Garrison 8380 | -7/Garrison | Triggered checkpoint 8447 | -7/Garrison | Triggered checkpoint 9086 | -7/Garrison | Triggered checkpoint 9112 | -7/Garrison | Triggered checkpoint 9486 | -7/Garrison | Triggered checkpoint 9654 | -7/Garrison | Triggered checkpoint 9680 | -7/Garrison | Expanded RIF knowledge: Patrol Navigation 9711 | -7/Garrison | Discovered new exit (range 13) 9906 | -7/Garrison | Triggered checkpoint 9906 | -7/Garrison | Garrison Relay disabled 9930 | -7/Garrison | Build established: Mutant 10202 | -7/Garrison | Discovered new exit (range 10) 10420 | -7/Garrison | Triggered checkpoint 10492 | -7/Garrison | Triggered checkpoint 10676 | -7/Garrison | Triggered checkpoint 10792 | -7/Garrison | Garrison Relay disabled 10823 | -7/Garrison | Build established: Bothacker-Mutant 10863 | -7/Garrison | Discovered new exit (range 10) 10973 | -7/Garrison | Triggered checkpoint 11109 | -7/Garrison | Entered Factory 11109 | -6/Factory | Evolved 2 slots: Propulsion x2 11660 | -6/Factory | Build established: Bothacker-Assassin 12562 | -6/Factory | Central database locked down 12663 | -6/Factory | Build established: Bothacker-Skirmisher 12932 | -6/Factory | Identified exit to Garrison 12933 | -6/Factory | Entered Garrison 12933 | -6/Garrison | Warlord forces raided the area 12933 | -6/Garrison | Accompanied by 1 ally 13016 | -6/Garrison | Triggered checkpoint 13132 | -6/Garrison | Triggered checkpoint 13139 | -6/Garrison | Triggered checkpoint 13144 | -6/Garrison | Spotted B-75 Beast 13173 | -6/Garrison | Triggered checkpoint 13207 | -6/Garrison | Lost 6 allies 13220 | -6/Garrison | Build established: Scavenger-Mutant 13291 | -6/Garrison | Discovered new exit (range 13) 13295 | -6/Garrison | Triggered checkpoint 13296 | -6/Garrison | Warlord forces retreated 13315 | -6/Garrison | Triggered checkpoint 13406 | -6/Garrison | Discovered new exit (range 8) 13414 | -6/Garrison | Expanded RIF knowledge: Hotswap 13442 | -6/Garrison | Triggered checkpoint 13477 | -6/Garrison | Discovered new exit (range 14) 13485 | -6/Garrison | Found embedded Infiltrators 13505 | -6/Garrison | Triggered checkpoint 13542 | -6/Garrison | Garrison Relay disabled 13658 | -6/Garrison | Entered Factory 13658 | -6/Factory | Accompanied by 2 allies 14125 | -6/Factory | Discovered new exit (range 9) 14209 | -6/Factory | Discovered new exit (range 6) 14309 | -6/Factory | Entered Extension 14309 | -6/Extension | Accompanied by 1 ally 14334 | -6/Extension | Rescued a captive Derelict 14504 | -6/Extension | Rescued a captive Derelict 14659 | -6/Extension | First assault squad dispatched 14734 | -6/Extension | Disrupted transfer network 14827 | -6/Extension | Spotted B-75 Beast 14851 | -6/Extension | Allies destroyed B-75 Beast 14856 | -6/Extension | Spotted B-75 Beast 14879 | -6/Extension | Destroyed B-75 Beast 14883 | -6/Extension | Lost 4 allies 14909 | -6/Extension | Lost 3 parts (1u2w) 15010 | -6/Extension | Rescued a captive Derelict 15022 | -6/Extension | Rescued a captive Derelict 15023 | -6/Extension | Rescued a captive Derelict 15152 | -6/Extension | Rescued a captive Derelict 15410 | -6/Extension | Core integrity fell below 50% 15454 | -6/Extension | Rescued A7 15468 | -6/Extension | Destroyed 7 combat bots 15468 | -6/Extension | Lost 3 allies 15476 | -6/Extension | Lost 4 parts (2u2w) 15479 | -6/Extension | Discovered new exit (range 10) 15483 | -6/Extension | Discovered new exit (range 6) 15487 | -6/Extension | Disrupted transfer network 15509 | -6/Extension | Entered Cetus 15509 | -6/Cetus | Accompanied by 1 ally (A7) 15514 | -6/Cetus | Acquired a Cetus Manufacturing Module code from A7 15519 | -6/Cetus | Spotted Cetus Guard 15519 | -6/Cetus | Spotted Cetus Guard 15522 | -6/Cetus | Spotted Cetus Guard 15522 | -6/Cetus | Spotted Cetus Guard 15524 | -6/Cetus | Allies destroyed Cetus Guard 15524 | -6/Cetus | Allies destroyed Cetus Guard 15525 | -6/Cetus | Destroyed Cetus Guard 15528 | -6/Cetus | Destroyed Cetus Guard 15566 | -6/Cetus | Started Cetus Manufacturing Module 15591 | -6/Cetus | Manufactured an Enhanced Grunt 15616 | -6/Cetus | Manufactured an Enhanced Grunt 15641 | -6/Cetus | Manufactured an Enhanced Grunt 15666 | -6/Cetus | Manufactured an Enhanced Grunt 15691 | -6/Cetus | Manufactured an Enhanced Grunt 15719 | -6/Cetus | Discovered new exit (range 15) 15741 | -6/Cetus | Spotted Cetus Guard 15741 | -6/Cetus | Spotted Cetus Guard 15744 | -6/Cetus | Spotted Cetus Guard 15744 | -6/Cetus | Spotted Cetus Guard 15749 | -6/Cetus | Allies destroyed Cetus Guard 15753 | -6/Cetus | Destroyed Cetus Guard 15756 | -6/Cetus | Destroyed Cetus Guard 15759 | -6/Cetus | Destroyed Cetus Guard 15761 | -6/Cetus | Found Prototype Device 15761 | -6/Cetus | Identified Exp. Thermal Shield 15777 | -6/Cetus | Discovered new exit (range 16) 15782 | -6/Cetus | Lost 3 parts (1n1u1w) 15786 | -6/Cetus | Met Revision 17 15848 | -6/Cetus | Entered Archives 15848 | -6/Archives | Accompanied by 5 allies (A7) 15916 | -6/Archives | Discovered new exit (range 15) 15942 | -6/Archives | Discovered new exit (range 16) 16020 | -6/Archives | Discovered new exit (range 14) 16055 | -6/Archives | Entered Hub_04(d) 16055 | -6/Hub_04(d) | Accompanied by 4 allies 16109 | -6/Hub_04(d) | Identified exit to Garrison 16110 | -6/Hub_04(d) | Entered Garrison 16110 | -6/Garrison | Accompanied by 4 allies 16149 | -6/Garrison | Rewired B-90 Cyclops 16152 | -6/Garrison | Spotted B-86 Titan 16225 | -6/Garrison | Garrison Relay disabled 16236 | -6/Garrison | Garrison Relay disabled 16407 | -6/Garrison | Allies destroyed Cyclops 5a 16438 | -6/Garrison | Lost 4 allies 16721 | -6/Garrison | Learned Factory security intel 16724 | -6/Garrison | Triggered checkpoint 16792 | -6/Garrison | Expanded RIF knowledge: Watcher Feeds 16866 | -6/Garrison | Triggered checkpoint 16866 | -6/Garrison | Discovered new exit (range 12) 16923 | -6/Garrison | Garrison Relay disabled 16924 | -6/Garrison | Triggered checkpoint 17052 | -6/Garrison | Triggered checkpoint 17111 | -6/Garrison | Phase Generator disabled 17118 | -6/Garrison | Garrison Relay disabled 17259 | -6/Garrison | Discovered new exit (range 12) 17293 | -6/Garrison | Garrison Relay disabled 17408 | -6/Garrison | Discovered new exit (range 14) 17450 | -6/Garrison | Triggered checkpoint 17479 | -6/Garrison | Garrison Relay disabled 17541 | -6/Garrison | System corruption reached 10% 17543 | -6/Garrison | Entered Factory 17543 | -5/Factory | Accompanied by 5 allies 17543 | -5/Factory | Evolved 2 slots: Propulsion x1, Utility x1 17640 | -5/Factory | Crushed by falling debris 18036 | -5/Factory | Lost 3 parts (2n1u) 18047 | -5/Factory | Lost 5 allies 18143 | -5/Factory | First assault squad dispatched 18417 | -5/Factory | Spotted B-75 Beast 18435 | -5/Factory | Cargo convoy interrupted 18459 | -5/Factory | Released all parts (8) 18463 | -5/Factory | Core integrity fell below 50% 18477 | -5/Factory | Core integrity fell below 20% 18479 | -5/Factory | Self-destructed Last Messages --------------- 18458_ Backup Propulsion I tumbles out of repair station. 18458_ Backup Power I tumbles out of repair station. 18459_ Cmb. Airjet+ destroyed. 18459_ Penetrated by Slug. 18459_ Quantum Reactor destroyed. 18459_ Released Adv. Cooling System. 18459_ Released Relay Coupler [NC]. 18459_ Released Adv. Energy Well. 18459_ Released Gravmag System. 18459_ Released Lrg. Storage Unit. 18459_ Released Linear Gravjet. 18459_ Released Relay Coupler [Grunt]. 18459_ Released Ionic Axe. [Achievement: Live, Flee, And Rebuild] 18460_ Penetrated by Slug. 18461_ U-05 Engineer builds a Wall. 18462_ P-70 Sage resets P-70 Sage, system corruption cleaned. 18464_ Penetrated by Slug. 18464_ H-66 Slayer knocked back. 18467_ Slug penetrates Power Conduit. Map ----- +----------------------------------------------------+ | ?????????????????????????????????????????????????? | | ?????????????????????????????????????????????????? | | ?????????????????????????????????????????????????? | | ?????????????????????????????????????????????????? | | ?????????????????????????????????????????????????? | | ?????????????????????????????????????????????????? | | ?????????????????????????????????????????????????? | | ?????????????????????????????????????????????????? | | ?????????????????????????????????????????????????? | | ?????????????????????????????????????????????????? | | ??????????????????????? g?g??????????????????? | | ?????????????????????? g??????????????????? | | ??????????????????????# gg#??????????????????? | | ??????????????????????# #??????????????????? | | ??????????????????????# #??????????????????? | | ??????????????????????# #??????????????????? | | ??????????????????????# u/??????????????????? | | ??????????????????????# #??????????????????? | | ??????????????????????# #??????????????????? | | ??????????????????????# #??????????????????? | | ??????????????????????# #??????????????????? | | ??????????????????????# #??????????????????? | | ??????????????????????# ##### ####?????????? | | ??????????????????????# !]????????? | | ??????????????????????# !] | | ??????????????????????# @ """ | | ??????????????????????# """ | | ??????????????????????# """ | | ?????????############## | | ?????????# # """" | | ?????????# # """" | | ?????????# """"""""" # """" | | ?????????# # s | | ?????????# """"""""" #p """" | | ?????????# p """" | | ?????????# """"""""" # s"""" | | ?????????# # s | | ?????????# ! """p# s"""" | | ?????????# Y" # """" | | ?????????# """ ## ### """" ####### | | ?????????# ] ## #?# #?# | | ##############""" """## #?# """" #?# | | ! " g " #?# """" #?# | | " " #?# """" #?# """ | | ? ! " " #?# ### ??? | | ? " " #?# """ +???? | | ??"" """ #?# """ #???? | | ??"" """ #?# """ #???? | | ?""" """ #?# #???? | | ? "" "" !*=!/ % #?# """ #???? | +----------------------------------------------------+ Best States ------------- Heat Dissipation 75 Coolant Potential 65 Energy Generation 25 Energy Capacity 850 Matter Stores 300 Matter Capacity 300 Sight Range 16 Terrain Scan Range 20 Terrain Scan Density 10 Jamming Range 14 Power Amplification 20 Additional Mass Support 12 Corruption Block 8 Armor Coverage 675 Resistance: KI 20 Resistance: TH 30 Weapon Cycling 15 Evasion (%) 57 Targeting Accuracy 5 Recoil Reduction 5 Particle Charging 25 Offensive Hacking 10 Relay Coupler Types 3 Relay Coupler Value 63 Trap Extractor Capacity 6 Item Schematics ----------------- Cmb. Airjet | -6/Factory | Scanalyzed Energy Well | -6/Factory | Hacked Robot Schematics ------------------ None Fabricated ------------ Nothing Repaired ---------- Imp. Treads | 47% | -8/Materials Studied --------- Wheel | -8/Materials | Hacked Katana | -8/Materials | Hacked Mni. Grenade Launcher | -8/Materials | Hacked Imp. Datajack | -7/Factory | Hacked Cmb. Airjet | -6/Factory | Hacked Remote Datajack | -6/Factory | Hacked Hvy. Shock Bomb Launcher | -6/Factory | Hacked Alien Tech Used ----------------- None Achievements -------------- Analysis Probe Construction Begets Destruction Live, Flee, And Rebuild My Business Is Booming Sixth Sense Versatile You Will Be Upgraded Challenges ------------ None Game ------ Seed AntimissileSubatomicShell Manual? 0 Play Time 03:38:35 Cumulative 528.3 hours Start 2025.11.12 @ 16:30:51 End 2025.11.16 @ 11:00:58 Sessions 7 Manual Loads 0 Difficulty Rogue Special Mode None Game No. 215 Rogue 215 Adventurer 0 Explorer 0 Win Type - Total 16 Types 14/0/1/1/0/0/0/0/0/0 Lore% 79 Gallery% 76 Achievement% 49 Wizard Run 0 Options --------- Layout 0 ASCII 0 Keyboard 0 Movement Numpad Keybinds 0 Fullscreen 1 Font 24/X11 Map View 76x50 Zoom Use 0% Tactical HUD 1 Map Filters NONE Filters NONE Steam 1 RUN: 92183bff-60f3-4ced-9779-07e5d6c8355f